[Event "Titled Tuesday Blitz February 14 Early 2023"]
[White "EdmundPlayer"]
[Black "Papp, Petra"]
[BlackFideId "739049"]
[WhiteElo "2246"]
[BlackElo "2343"]
[Result "0-1"]
[Round "05"]
[TimeControl "180+2"]
[Date "2023.02.15"]
[WhiteClock "0:00:07"]
[BlackClock "0:01:26"]

1. e4 c6 2. d4 d5 3. Nd2 dxe4 4. Nxe4 Nf6 5. Nxf6+ exf6 6. c3 Bd6 7. Bd3 O-O 8. Qc2 Re8+ 9. Ne2 h5 10. O-O Nd7 11. Bf4 Nf8 12. Bxd6 Qxd6 13. Ng3 h4 14. Nf5 Bxf5 15. Bxf5 g6 16. Bd3 Kg7 17. Rfe1 Ne6 18. Re3 Rh8 19. Rae1 Rae8 20. h3 Rh5 21. Qa4 Rg5 22. Qxa7 Rh8 23. Qxb7 Nf4 24. Be4 Qe6 25. Bxc6 Qf5 26. Be4 Nxh3+ 27. Kf1 Qxf2# 0-1


[Site "https://www.chess.com"]

[Event "Titled Tuesday Blitz February 14 Early 2023"]
[White "Thomas, Anysia"]
[Black "Martinez, Shawn"]
[WhiteFideId "670472"]
[BlackFideId "2039770"]
[WhiteElo "2147"]
[BlackElo "1881"]
[Result "0-1"]
[Round "05"]
[TimeControl "180+2"]
[Date "2023.02.15"]
[WhiteClock "0:00:09"]
[BlackClock "0:00:06"]

1. d4 Nf6 2. c4 g6 3. Nc3 Bg7 4. e4 d6 5. h3 O-O 6. Nf3 Nbd7 7. Be3 e5 8. d5 a5 9. g4 Nc5 10. Nd2 b6 11. Be2 Ne8 12. h4 f5 13. exf5 gxf5 14. h5 f4 15. Bxc5 dxc5 16. Nde4 Nd6 17. Qd3 a4 18. O-O-O f3 19. Bxf3 Rf4 20. Nxd6 cxd6 21. Be4 h6 22. f3 Bd7 23. Kb1 a3 24. b3 Rb8 25. Ne2 Rf8 26. Ng3 b5 27. Rc1 bxc4 28. Rxc4 Bb5 29. Bf5 Qg5 30. Ne4 Bxc4 31. Qxc4 Qe3 32. Nxd6 Qxf3 33. Be6+ Kh8 34. Rc1 Rf4 35. Qxc5 Qd3+ 36. Qc2 Qd4 37. Qc3 e4 38. Qxd4 Bxd4 39. Bf5 Rf2 40. Nf7+ Kg7 41. Rc7 Rb2+ 42. Kc1 Be3+ 43. Kd1 Kf6 44. Ne5 Kxe5 45. d6 Rd2+ 46. Ke1 Rd8 47. d7 Rxa2 48. Rc6 Kf4 49. Re6 Bd2+ 50. Ke2 Kg5 51. Rxe4 Rb2 52. Be6 a2 53. Kf3 a1=Q 54. Re5+ Kh4 55. g5 Qf1+ 56. Ke4 Qe2+ 57. Kd5 Qd3+ 58. Kc6 Rc2+ 59. Bc4 Rxc4+ 60. bxc4 Qxc4+ 61. Kd6 Qd4+ 62. Ke6 Bf4 63. g6 Qxd7+ 64. Kf6 Bxe5+ 65. Kxe5 Re8+ 66. Kf6 Re6+ 0-1


[Site "https://www.chess.com"]

[Event "Titled Tuesday Blitz February 14 Early 2023"]
[White "Fernandez Siles, Luis"]
[Black "mestrefeitosa19"]
[WhiteFideId "2209420"]
[WhiteElo "2218"]
[BlackElo "2211"]
[Result "1-0"]
[Round "05"]
[TimeControl "180+2"]
[Date "2023.02.15"]
[WhiteClock "0:00:46"]
[BlackClock "0:00:14"]

1. d4 d5 2. c4 e6 3. Nc3 Nf6 4. cxd5 exd5 5. Bg5 Be7 6. e3 O-O 7. Qc2 b6 8. Nf3 Bb7 9. Bd3 h6 10. Bf4 c6 11. h3 Bd6 12. Ne5 Qe7 13. g4 c5 14. O-O-O c4 15. Bf5 Nfd7 16. h4 Nxe5 17. dxe5 Bxe5 18. Nxd5 Bxd5 19. Rxd5 Bxf4 20. exf4 Nc6 21. Rd7 Qb4 22. g5 g6 23. Bxg6 Nd4 24. Bxf7+ Rxf7 25. Qg6+ 1-0


[Site "https://www.chess.com"]

[Event "Titled Tuesday Blitz February 14 Early 2023"]
[White "ritanovikova"]
[Black "Ruiz Aguilar, Pablo Alexander"]
[BlackFideId "4401352"]
[WhiteElo "2179"]
[BlackElo "2161"]
[Result "0-1"]
[Round "05"]
[TimeControl "180+2"]
[Date "2023.02.15"]
[WhiteClock "0:00:39"]
[BlackClock "0:00:58"]

1. e4 c5 2. Nc3 g6 3. d3 Nc6 4. Be3 d6 5. Qd2 Bg7 6. g3 Rb8 7. Bg2 b5 8. h4 b4 9. Nd1 h5 10. Ne2 Nf6 11. f3 Nd7 12. d4 cxd4 13. Nxd4 Nxd4 14. Bxd4 Bxd4 15. Qxd4 O-O 16. Ne3 Qb6 17. Qd2 Bb7 18. g4 hxg4 19. h5 Kg7 20. hxg6 fxg6 21. Nd5 Bxd5 22. Qh6+ Kf7 23. Qh7+ Ke8 24. O-O-O Bf7 25. fxg4 Ne5 26. Kb1 a5 27. Qg7 a4 28. Rh8 Rxh8 29. Qxh8+ Kd7 30. Qh3 g5 31. Qh6 Bxa2+ 32. Kxa2 b3+ 33. Ka1 bxc2 34. Qxg5 Qxb2# 0-1


[Site "https://www.chess.com"]

[Event "Titled Tuesday Blitz February 14 Early 2023"]
[White "Levitan, Caleb Levi"]
[Black "Yonal, Timur"]
[WhiteFideId "14332620"]
[BlackFideId "44115725"]
[WhiteElo "2129"]
[BlackElo "2039"]
[Result "1-0"]
[Round "05"]
[TimeControl "180+2"]
[Date "2023.02.15"]
[WhiteClock "0:00:09"]
[BlackClock "0:00:17"]

1. e4 c5 2. Nf3 d6 3. d4 cxd4 4. Nxd4 Nf6 5. Nc3 a6 6. Bc4 e6 7. Bb3 Qc7 8. Bg5 Nbd7 9. f4 h6 10. Bh4 b5 11. Qf3 b4 12. Nce2 Bb7 13. Ng3 a5 14. Ba4 Be7 15. O-O-O Qc5 16. Bxd7+ Nxd7 17. Bxe7 Kxe7 18. f5 e5 19. f6+ Nxf6 20. Ndf5+ Kf8 21. Nxd6 Ba6 22. Nh5 b3 23. Qxb3 Qc7 24. Nxf6 gxf6 25. Qf3 Kg7 26. Nf5+ Kf8 27. Qg4 Rh7 28. Qh4 Rc8 29. Rd2 Qc6 30. Rhd1 Qb6 31. Qg3 Rb8 32. Qa3+ Kg8 33. Qb3 Bb5 34. a4 Be8 35. Qxb6 Rxb6 36. Rd8 Re6 37. Nd6 Kf8 38. Nxe8 Rxe8 39. Rxe8+ Kxe8 40. Rd5 Rg7 41. g3 Rg4 42. Rxa5 Rxe4 43. Kd2 Rd4+ 44. Ke3 Rc4 45. c3 Ke7 46. Kd3 Rc7 47. Rb5 Ke6 48. a5 f5 49. a6 Rd7+ 50. Ke3 e4 51. Rb7 Rd3+ 52. Ke2 Rd6 53. a7 Ra6 54. Rb6+ Rxb6 55. a8=Q Rxb2+ 56. Ke3 Kf6 57. Qh8+ Kg6 58. c4 Rb3+ 59. Kf4 f6 60. Qg8+ Kh5 61. Qf7# 1-0


[Site "https://www.chess.com"]

[Event "Titled Tuesday Blitz February 14 Early 2023"]
[White "Jenkins, Drake"]
[Black "Hertlein, Irena"]
[WhiteFideId "2022397"]
[BlackFideId "21817618"]
[WhiteElo "2130"]
[BlackElo "1994"]
[Result "1-0"]
[Round "05"]
[TimeControl "180+2"]
[Date "2023.02.15"]
[WhiteClock "0:00:16"]
[BlackClock "0:00:28"]

1. Nf3 c5 2. c4 Nc6 3. Nc3 g6 4. g3 Bg7 5. Bg2 e5 6. O-O d6 7. a3 a5 8. d3 Nge7 9. Rb1 O-O 10. Nd5 Rb8 11. Bd2 b5 12. Nxe7+ Nxe7 13. cxb5 Rxb5 14. b4 axb4 15. axb4 cxb4 16. Rxb4 Rxb4 17. Bxb4 Qb6 18. Ba3 Be6 19. Nd2 Bd5 20. Bxd5 Nxd5 21. Nc4 Qa6 22. Bxd6 e4 23. Bxf8 Bxf8 24. Qb3 exd3 25. exd3 h5 26. Ne5 Qe6 27. Re1 Bg7 28. Nf3 Qf5 29. Kg2 Nf4+ 30. gxf4 Qg4+ 31. Kf1 Qxf3 32. Re8+ Kh7 33. Qxf7 Qd1+ 34. Re1 Qxd3+ 35. Kg1 Qf3 36. Re3 Qd1+ 37. Kg2 h4 38. h3 Qa4 39. f5 Qc6+ 40. Kg1 gxf5 41. Qxf5+ Kh8 42. Qh5+ Bh6 43. Re8+ Kh7 44. Re7+ Kh8 45. Qe5+ Kg8 46. Qe6+ 1-0


[Site "https://www.chess.com"]

[Event "Titled Tuesday Blitz February 14 Early 2023"]
[White "Makhmudov, Shukhrat"]
[Black "Larina, Maria"]
[WhiteFideId "14200775"]
[BlackFideId "24113182"]
[WhiteElo "2115"]
[BlackElo "1948"]
[Result "0-1"]
[Round "05"]
[TimeControl "180+2"]
[Date "2023.02.15"]
[WhiteClock "0:00:52"]
[BlackClock "0:00:53"]

1. e4 c6 2. Nc3 d5 3. exd5 cxd5 4. d4 Nc6 5. Bf4 Nf6 6. Nb5 e5 7. dxe5 Ne4 8. f3 Nc5 9. Qxd5 Qa5+ 10. Bd2 Qb6 11. O-O-O Be6 12. Nd6+ Bxd6 13. Qxd6 Rd8 14. Bc3 Rxd6 15. exd6 O-O 16. b3 a5 17. Ne2 a4 18. Nd4 Nxd4 19. Bxd4 axb3 20. axb3 Bxb3 21. Bxc5 Qxc5 22. Bd3 Be6 23. Rhe1 Rd8 24. d7 g6 0-1


[Site "https://www.chess.com"]

[Event "Titled Tuesday Blitz February 14 Early 2023"]
[White "Colijn, Stefan"]
[Black "Levine, David"]
[WhiteFideId "1016199"]
[BlackFideId "2011611"]
[WhiteElo "2293"]
[BlackElo "2040"]
[Result "1-0"]
[Round "05"]
[TimeControl "180+2"]
[Date "2023.02.15"]
[WhiteClock "0:00:07"]
[BlackClock "0:00:03"]

1. d4 d5 2. Nc3 Nf6 3. Bf4 c5 4. e3 a6 5. a3 cxd4 6. exd4 Nc6 7. h3 Bf5 8. Nf3 e6 9. Be2 h6 10. O-O Bd6 11. Ne5 Rc8 12. Re1 O-O 13. Bf3 Qc7 14. Rc1 Nd7 15. Nxd7 Qxd7 16. Bxd6 Qxd6 17. Na4 b5 18. Nc5 Nxd4 19. b4 Nxc2 20. Rxc2 Bxc2 21. Qxc2 a5 22. Qd2 axb4 23. axb4 Ra8 24. Be2 Rfb8 25. Bf1 Ra3 26. Rc1 Qc6 27. Qd4 Qa8 28. Kh2 Ra2 29. Nd7 Rc8 30. Nb6 Rxc1 31. Nxa8 Rxa8 32. Bxb5 Ra2 33. Be2 Rcc2 34. Bf3 Rxf2 35. Kg3 Rfd2 36. Qb6 e5 37. Qd8+ Kh7 38. Bxd5 Ra3+ 39. Kh2 Rad3 40. Be4+ g6 41. Bxd3 Kg7 42. b5 e4 43. Qd4+ Kf8 44. Qxe4 Rb2 45. Qd4 Ke7 46. Qxb2 1-0


[Site "https://www.chess.com"]

[Event "Titled Tuesday Blitz February 14 Early 2023"]
[White "Hernandez Bonilla, Amelia"]
[Black "Orujov, Elshad"]
[WhiteFideId "3900193"]
[BlackFideId "13403540"]
[WhiteElo "1960"]
[BlackElo "2304"]
[Result "0-1"]
[Round "05"]
[TimeControl "180+2"]
[Date "2023.02.15"]
[WhiteClock "0:00:19"]
[BlackClock "0:00:06"]

1. d4 Nf6 2. Bf4 d5 3. e3 c5 4. Nf3 Nc6 5. Nbd2 Bf5 6. Bb5 e6 7. c4 cxd4 8. Nxd4 Qd7 9. Qa4 Rc8 10. Nxf5 exf5 11. O-O Bd6 12. Rad1 Bxf4 13. exf4 O-O 14. Nf3 a6 15. Bxc6 bxc6 16. cxd5 Nxd5 17. Ne5 Qb7 18. Rd2 f6 19. Nd3 Qc7 20. Rc1 Rfe8 21. g3 h5 22. Qxa6 h4 23. Rdc2 Re6 24. Qc4 Qa7 25. a3 h3 26. Qc5 Qb7 27. Qc4 Qa7 28. Nc5 Re7 29. Rd2 Rce8 30. Nd3 Re2 31. Rxe2 Rxe2 32. Qxc6 Ne7 33. Qc4+ Kh7 34. Nc5 Qa8 35. Nb7 Qxb7 36. Qc3 Qg2# 0-1


[Site "https://www.chess.com"]

[Event "Titled Tuesday Blitz February 14 Early 2023"]
[White "Samunenkov, Ihor"]
[Black "Nakamura, Hikaru"]
[WhiteFideId "14187086"]
[BlackFideId "2016192"]
[WhiteElo "2501"]
[BlackElo "2775"]
[Result "0-1"]
[Round "06"]
[TimeControl "180+2"]
[Date "2023.02.15"]
[WhiteClock "0:00:12"]
[BlackClock "0:00:52"]

1. d4 d6 2. Nf3 g6 3. g3 Bg7 4. Bg2 Bd7 5. O-O Qc8 6. e4 Bh3 7. Nc3 Nc6 8. d5 Nd8 9. Ne2 Bxg2 10. Kxg2 Nf6 11. Qd3 e5 12. c4 b6 13. h3 O-O 14. Nc3 Nb7 15. Qc2 a5 16. b3 Nc5 17. Be3 Nh5 18. Nd2 f5 19. exf5 gxf5 20. f4 Qe8 21. Rae1 Qg6 22. g4 exf4 23. Bxc5 bxc5 24. Ne2 fxg4 25. Qxg6 f3+ 26. Kh2 hxg6 27. hxg4 Be5+ 28. Kh3 fxe2 29. Rxf8+ Rxf8 30. gxh5 Rf2 31. Ne4 Rf3+ 32. Kg2 Re3 33. Nf2 Bc3 0-1


[Site "https://www.chess.com"]

[Event "Titled Tuesday Blitz February 14 Early 2023"]
[White "Bok, Benjamin"]
[Black "Mindlin, Alon"]
[WhiteFideId "1017063"]
[BlackFideId "2800071"]
[WhiteElo "2607"]
[BlackElo "2435"]
[Result "1-0"]
[Round "06"]
[TimeControl "180+2"]
[Date "2023.02.15"]
[WhiteClock "0:00:04"]
[BlackClock "0:00:03"]

1. d4 Nf6 2. c4 e6 3. Nc3 Bb4 4. Qc2 d5 5. a3 Bxc3+ 6. Qxc3 Ne4 7. Qc2 c5 8. dxc5 Nc6 9. Nf3 Qa5+ 10. Bd2 Nxd2 11. Nxd2 Qxc5 12. e3 O-O 13. b4 Qe7 14. Bd3 h6 15. O-O Bd7 16. cxd5 exd5 17. Bh7+ Kh8 18. Bf5 d4 19. Rae1 Rac8 20. exd4 Qd6 21. Nc4 Qc7 22. Bxd7 Qxd7 23. Qd3 Qxd4 24. Qxd4 Nxd4 25. Nd6 Rc7 26. Re4 Nc2 27. Nb5 Rd7 28. Rc4 a6 29. Rxc2 axb5 30. Rc5 Ra8 31. Rxb5 Rxa3 32. g3 Rb3 33. Re1 Rb2 34. Re3 g6 35. Kg2 Kg7 36. h4 h5 37. Re4 Rc7 38. Rb6 Rd7 39. b5 Rc7 40. Rf4 Rd7 41. Rf3 Re7 42. Rf4 Rd7 43. Re4 Rc7 44. Re3 Rc5 45. Rxb7 Rcxb5 46. Rxb5 Rxb5 47. Rd3 Rf5 48. Rc3 Rf6 49. Rf3 Rxf3 50. Kxf3 Kf6 51. Kf4 Kg7 52. Ke5 Kg8 53. Kf6 Kf8 54. f4 Kg8 55. f5 Kh7 56. Kxf7 gxf5 57. Kf6 Kh6 58. Kxf5 1-0


[Site "https://www.chess.com"]

[Event "Titled Tuesday Blitz February 14 Early 2023"]
[White "Hammer, Jon Ludvig"]
[Black "Paravyan, David"]
[WhiteFideId "1503707"]
[BlackFideId "4194985"]
[WhiteElo "2636"]
[BlackElo "2601"]
[Result "1/2-1/2"]
[Round "06"]
[TimeControl "180+2"]
[Date "2023.02.15"]
[WhiteClock "0:00:21"]
[BlackClock "0:00:47"]

1. e4 e5 2. Nf3 Nf6 3. Nxe5 d6 4. Nd3 Nxe4 5. Qe2 Qe7 6. Nf4 Nc6 7. Nd5 Nd4 8. Nxe7 Nxe2 9. Nxc8 Nxc1 10. Nc3 Nxc3 11. dxc3 Rxc8 12. Rxc1 h5 13. h4 g6 14. g3 Bh6 15. f4 Kd7 16. Bc4 Rhe8+ 17. Kf2 Re7 18. Rhe1 Rce8 19. Rxe7+ Rxe7 20. Re1 Rxe1 21. Kxe1 Ke7 22. Ke2 c6 23. Bd3 b5 24. a3 d5 25. Kf3 f5 26. Ke2 Kd7 27. Kf3 Bf8 28. Bf1 a5 29. Be2 Kc7 30. Bf1 Kb6 31. Be2 c5 32. Bf1 c4 33. Ke2 Bc5 34. Bg2 Kc6 35. Bf3 Kd6 36. Bg2 Ke6 37. Bf3 a4 38. Bg2 d4 39. Bc6 dxc3 40. bxc3 Bxa3 41. Bxb5 Bc5 42. Bxa4 Kf6 43. Bb5 Bb6 44. Bxc4 Ba7 45. Bb5 Bb6 46. Be8 Bc5 47. Kf3 Bb6 48. Kg2 Bc5 49. Kh2 Bb6 50. Kh3 Bc5 51. Kg2 Bb6 52. Kf3 Bc5 53. Ke2 Bb6 54. Kf3 Bc5 55. Ke2 Bb6 56. Kf3 1/2-1/2


[Site "https://www.chess.com"]

[Event "Titled Tuesday Blitz February 14 Early 2023"]
[White "Bharath Subramaniyam H"]
[Black "Tsydypov, Zhamsaran"]
[WhiteFideId "46634827"]
[BlackFideId "4108566"]
[WhiteElo "2517"]
[BlackElo "2518"]
[Result "0-1"]
[Round "06"]
[TimeControl "180+2"]
[Date "2023.02.15"]
[WhiteClock "0:01:04"]
[BlackClock "0:02:12"]

1. e4 e5 2. Nf3 Nf6 3. Nc3 Nc6 4. d4 exd4 5. Nxd4 Bc5 6. Nxc6 bxc6 7. Be2 d6 8. O-O Qe7 9. Bf3 O-O 10. Na4 Bb6 11. Nxb6 axb6 12. Re1 Nd7 13. a4 Ne5 14. Be2 Re8 15. b3 Qf6 16. Rb1 Ng6 17. Bb2 Qg5 18. Bf1 Nh4 19. Kh1 Bg4 20. Qd3 Bd7 21. Re3 Ng6 22. Rg3 Qh6 23. Re1 f6 24. Rge3 Kh8 25. g3 Ne5 26. Qd1 Ng4 27. h4 Nxf2+ 0-1


[Site "https://www.chess.com"]

[Event "Titled Tuesday Blitz February 14 Early 2023"]
[White "Zhigalko, Sergei"]
[Black "Lenderman, Aleksandr"]
[WhiteFideId "13502956"]
[BlackFideId "2021285"]
[WhiteElo "2572"]
[BlackElo "2572"]
[Result "1/2-1/2"]
[Round "06"]
[TimeControl "180+2"]
[Date "2023.02.15"]
[WhiteClock "0:00:05"]
[BlackClock "0:00:29"]

1. e4 e5 2. Nf3 Nf6 3. Nxe5 d6 4. Nf3 Nxe4 5. Nc3 Nf6 6. d4 Be7 7. Bd3 O-O 8. h3 b6 9. O-O Bb7 10. Re1 Re8 11. d5 Nbd7 12. Nd4 Bf8 13. Bg5 Rxe1+ 14. Qxe1 g6 15. Bb5 Bg7 16. Bc6 Bxc6 17. Nxc6 Qe8 18. Qd2 Ne5 19. Re1 Qd7 20. Nxe5 dxe5 21. Rxe5 Re8 22. Rxe8+ Nxe8 23. Bh6 Bxh6 24. Qxh6 Nf6 25. Qg5 Qe7 26. Qf4 Ne8 27. Qe4 Qd7 28. Qe5 Nd6 29. Ne4 Nxe4 30. Qxe4 Qd6 31. c4 Qf6 32. Qe2 Qd4 33. b3 Kg7 34. g3 a5 35. Kg2 Qf6 36. h4 h5 37. f4 Qd8 38. Qe5+ Kg8 39. Kf3 Qd7 40. a4 Qh3 41. Qxc7 Qf1+ 42. Ke3 Qe1+ 43. Kf3 Qf1+ 44. Ke4 Qe2+ 45. Kd4 Qb2+ 46. Ke3 Qc1+ 47. Ke2 Qc2+ 48. Ke1 Qc1+ 49. Kf2 Qd2+ 50. Kf1 Qd1+ 51. Kf2 Qd2+ 52. Kf1 Qd1+ 53. Kg2 Qe2+ 54. Kg1 Qe1+ 55. Kh2 Qf2+ 56. Kh1 Qf3+ 57. Kh2 Qf2+ 58. Kh1 Qf1+ 59. Kh2 Qf2+ 1/2-1/2


[Site "https://www.chess.com"]

[Event "Titled Tuesday Blitz February 14 Early 2023"]
[White "Indjic, Aleksandar"]
[Black "Van Foreest, Jorden"]
[WhiteFideId "911925"]
[BlackFideId "1039784"]
[WhiteElo "2618"]
[BlackElo "2689"]
[Result "1/2-1/2"]
[Round "06"]
[TimeControl "180+2"]
[Date "2023.02.15"]
[WhiteClock "0:00:17"]
[BlackClock "0:00:19"]

1. e4 e5 2. Nf3 Nc6 3. Nc3 Nf6 4. d4 exd4 5. Nxd4 Bb4 6. Nxc6 dxc6 7. Qxd8+ Kxd8 8. f3 Ke7 9. Bd2 Be6 10. a3 Bc5 11. O-O-O Rhd8 12. Be2 h6 13. Na4 Bd6 14. Be3 b6 15. Rd2 g5 16. Nc3 Be5 17. Rxd8 Rxd8 18. Nd1 c5 19. Nf2 Bd4 20. Nd1 a5 21. h4 Nh5 22. hxg5 Ng3 23. Re1 Bxe3+ 24. Nxe3 hxg5 25. Bc4 Bxc4 26. Nxc4 Ke6 27. a4 Rh8 28. Ne3 Rh2 29. b3 Nh5 30. Re2 Nf4 31. Rd2 Rh1+ 32. Kb2 Rg1 33. Kc3 Re1 34. Nd5 Nxd5+ 35. Rxd5 f6 36. Rd2 g4 37. Kc4 Re3 38. Kb5 gxf3 39. gxf3 Rxf3 40. Kc6 Rc3 41. Kxc7 c4 42. Kxb6 cxb3 43. cxb3 Rxb3+ 44. Kxa5 Ke5 45. Rf2 Rb1 46. Ka6 Rb4 47. a5 Rxe4 48. Kb5 Re1 49. a6 Rb1+ 50. Kc6 Rc1+ 51. Kb7 Rb1+ 52. Ka8 f5 53. Re2+ Kd4 54. Re8 f4 55. Rb8 Ra1 56. a7 f3 57. Kb7 f2 58. Rf8 Rxa7+ 59. Kxa7 Ke3 60. Rxf2 Kxf2 1/2-1/2


[Site "https://www.chess.com"]

[Event "Titled Tuesday Blitz February 14 Early 2023"]
[White "Madaminov, Mukhiddin"]
[Black "Sjugirov, Sanan"]
[WhiteFideId "14210703"]
[BlackFideId "4189302"]
[WhiteElo "2422"]
[BlackElo "2712"]
[Result "1-0"]
[Round "06"]
[TimeControl "180+2"]
[Date "2023.02.15"]
[WhiteClock "0:00:04"]
[BlackClock "0:00:04"]

1. d4 Nf6 2. Nc3 d5 3. Bf4 Bf5 4. f3 e6 5. g4 Bg6 6. h4 h5 7. g5 Nfd7 8. e3 Nb6 9. Bd3 Bxd3 10. cxd3 g6 11. Nge2 Bd6 12. Bxd6 cxd6 13. e4 Nc6 14. Qd2 O-O 15. exd5 Nxd5 16. Nxd5 exd5 17. O-O-O Qb6 18. Kb1 Nxd4 19. Nc3 Qa5 20. Qf4 Nf5 21. b4 Qa3 22. Nxd5 a5 23. b5 Qc5 24. Nf6+ Kg7 25. a4 Rac8 26. Rh2 Qc3 27. Rb2 Rc5 28. Ne4 Qe5 29. Qd2 Rcc8 30. d4 Qd5 31. Qxa5 Rc4 32. Rd3 Rfc8 33. Nc3 Qe6 34. Re2 Qd7 35. Na2 Nxh4 36. Qe1 Qf5 37. Qd1 Nxf3 38. Kb2 Nxg5 39. Nc3 Rb4+ 40. Ka3 Rbc4 41. Kb3 Qf6 42. Nd5 Qf5 43. Ne3 Qd7 44. Nxc4 Ne6 45. Nb6 Qc7 46. Nxc8 Qxc8 47. Qc2 Qd7 48. Qc3 d5 49. Qb4 Nf4 50. Rde3 Qg4 51. Qd2 h4 52. Rf2 g5 53. Ref3 Ne6 54. Rxf7+ Kg8 55. R7f6 Nxd4+ 56. Ka3 Qg3+ 57. Kb4 Qb3+ 58. Kc5 Qxa4 59. Qxd4 b6+ 60. Rxb6 Qa3+ 61. Kc6 Qb3 62. Qc5 Qg3 63. Rb7 Qg4 64. Rf8# 1-0


[Site "https://www.chess.com"]

[Event "Titled Tuesday Blitz February 14 Early 2023"]
[White "Murzin, Volodar"]
[Black "Sanal, Vahap"]
[WhiteFideId "44155573"]
[BlackFideId "6300545"]
[WhiteElo "2604"]
[BlackElo "2600"]
[Result "0-1"]
[Round "06"]
[TimeControl "180+2"]
[Date "2023.02.15"]
[WhiteClock "0:00:01"]
[BlackClock "0:00:18"]

1. e4 e5 2. Nf3 Nc6 3. Nc3 Nf6 4. a4 d5 5. exd5 Nxd5 6. Bb5 Nxc3 7. bxc3 Bd6 8. O-O O-O 9. d4 exd4 10. cxd4 h6 11. c3 Qf6 12. h3 Bf5 13. Bd3 Ne7 14. Rb1 b6 15. Re1 Rad8 16. Qc2 Bxh3 17. Rb5 c5 18. dxc5 bxc5 19. Nd2 Bd7 20. Rb1 Bc6 21. Be4 Bc7 22. Nf3 Rfe8 23. Ba3 Bd6 24. Rbd1 Bxe4 25. Rxe4 Nf5 26. Rd5 Rxe4 27. Qxe4 Ne7 28. Rd2 Rb8 29. g3 Qxc3 30. Rxd6 Qxa3 31. Rd7 Ng6 32. Rxa7 Qc1+ 33. Kg2 Rb1 34. Ra8+ Kh7 35. Kh3 Qh1+ 36. Kg4 Rb4 37. Ng5+ hxg5 0-1


[Site "https://www.chess.com"]

[Event "Titled Tuesday Blitz February 14 Early 2023"]
[White "Ioannidis, Evgenios"]
[Black "Vokhidov, Shamsiddin"]
[WhiteFideId "4229274"]
[BlackFideId "14204223"]
[WhiteElo "2467"]
[BlackElo "2586"]
[Result "0-1"]
[Round "06"]
[TimeControl "180+2"]
[Date "2023.02.15"]
[WhiteClock "0:00:01"]
[BlackClock "0:00:04"]

1. d4 Nf6 2. c4 e6 3. Nc3 Bb4 4. Qc2 d5 5. a3 Bxc3+ 6. Qxc3 O-O 7. Nf3 dxc4 8. Qxc4 b6 9. Bf4 Ba6 10. Qxc7 Qxc7 11. Bxc7 Rc8 12. Bg3 Rc2 13. Rb1 Nbd7 14. Kd1 Rac8 15. Ne1 R2c6 16. e3 Bxf1 17. Rxf1 Ne4 18. f3 Nxg3 19. hxg3 e5 20. d5 Rg6 21. g4 e4 22. Rf2 Rg5 23. Rd2 Kf8 24. Rd4 Nf6 25. d6 Ke8 26. Ke2 h5 27. gxh5 exf3+ 28. gxf3 Rxh5 29. e4 Kd7 30. Nd3 Rc2+ 31. Ke3 Rhh2 32. Re1 Rh5 33. Re2 Rc6 34. Rg2 g6 35. Rg3 Ne8 36. e5 Ng7 37. Rf4 Nf5+ 38. Rxf5 Rxf5 39. f4 Rh5 40. Nf2 Rc2 41. Ne4 Rh1 42. Nf6+ Ke6 43. d7 Rd1 44. Rh3 Rxd7 45. Nxd7 Kxd7 46. Kd4 Rxb2 47. Rd3 Ke6 48. Ke4 Rc2 49. Rd6+ Ke7 50. Rd3 Rc4+ 51. Kf3 Ra4 52. Kg4 f6 53. exf6+ Kxf6 54. Rd6+ Kf7 55. Rd3 Ra5 56. Rd7+ Ke6 57. Rd3 Rd5 58. Rc3 Rc5 59. Re3+ Kf6 60. Rd3 Rc6 61. Rd7 a6 62. Rb7 b5 63. Ra7 Ke6 64. Ra8 Kd5 65. Kg5 Kc4 66. Rg8 Kb3 67. Rxg6 Rc5+ 68. f5 a5 69. Kf4 Kxa3 70. f6 Rc8 71. Ke5 b4 72. Kd4 b3 73. Rg3 Ka2 0-1


[Site "https://www.chess.com"]

[Event "Titled Tuesday Blitz February 14 Early 2023"]
[White "Seo, Jung Min"]
[Black "Nihal Sarin"]
[WhiteFideId "1734687"]
[BlackFideId "25092340"]
[WhiteElo "2494"]
[BlackElo "2673"]
[Result "0-1"]
[Round "06"]
[TimeControl "180+2"]
[Date "2023.02.15"]
[WhiteClock "0:01:09"]
[BlackClock "0:00:37"]

1. e4 e5 2. Nf3 Nc6 3. Bb5 Nf6 4. d3 Bc5 5. Bxc6 dxc6 6. Nbd2 Be6 7. O-O Nd7 8. Nb3 Bb6 9. Ng5 Bxb3 10. axb3 f6 11. Nf3 Qe7 12. Nd2 a6 13. Nc4 Ba7 14. Be3 Bxe3 15. Nxe3 O-O-O 16. f4 exf4 17. Rxf4 g6 18. Rf1 f5 19. Qf3 Rhe8 20. Nc4 fxe4 21. dxe4 Ne5 22. Qh3+ Kb8 23. Na5 Qc5+ 24. Kh1 Qxc2 25. Qxh7 Rd2 26. Qh3 Qxb2 27. Rab1 Qd4 28. b4 Qxe4 29. Rfe1 Nd3 30. Rxe4 Nf2+ 0-1


[Site "https://www.chess.com"]

[Event "Titled Tuesday Blitz February 14 Early 2023"]
[White "Andreikin, Dmitry"]
[Black "Ahmadzada, Ahmad"]
[WhiteFideId "4158814"]
[BlackFideId "13413007"]
[WhiteElo "2729"]
[BlackElo "2488"]
[Result "1-0"]
[Round "06"]
[TimeControl "180+2"]
[Date "2023.02.15"]
[WhiteClock "0:00:22"]
[BlackClock "0:00:02"]

1. d4 Nf6 2. c4 e6 3. Nf3 Bb4+ 4. Nbd2 b6 5. a3 Bxd2+ 6. Qxd2 Bb7 7. b4 O-O 8. Bb2 d6 9. e3 Nbd7 10. Be2 Ne4 11. Qc2 f5 12. O-O Ng5 13. d5 exd5 14. Rac1 d4 15. Nxd4 f4 16. exf4 Rxf4 17. f3 Qf6 18. Qd2 Qh6 19. c5 bxc5 20. bxc5 Nxc5 21. Rxc5 dxc5 22. Nb5 Raf8 23. Qc3 Rh4 24. Nxc7 Rf7 25. Qe5 Qf6 26. Qe8+ Rf8 27. Bxf6 Rxe8 28. Bxg5 Rxe2 29. Bxh4 1-0


[Site "https://www.chess.com"]

[Event "Titled Tuesday Blitz February 14 Early 2023"]
[White "Vasquez Schroeder, Rodrigo"]
[Black "Sarana, Alexey"]
[WhiteFideId "3400042"]
[BlackFideId "24133795"]
[WhiteElo "2524"]
[BlackElo "2685"]
[Result "1-0"]
[Round "06"]
[TimeControl "180+2"]
[Date "2023.02.15"]
[WhiteClock "0:00:33"]
[BlackClock "0:00:11"]

1. d4 Nf6 2. Nf3 d5 3. c4 e6 4. Nc3 Nbd7 5. cxd5 exd5 6. Bf4 c6 7. h3 Ne4 8. Qc2 Bb4 9. a3 Qa5 10. Rc1 Bxc3+ 11. bxc3 Qxa3 12. e3 O-O 13. Bd3 Re8 14. O-O Qe7 15. c4 Ndf6 16. Ne5 Be6 17. c5 Nd7 18. f3 Nef6 19. Bg5 h6 20. Bh4 Qd8 21. f4 Qc7 22. f5 Nxe5 23. dxe5 Qxe5 24. Bxf6 Qxf6 25. fxe6 Qxe6 26. Rce1 Qe5 27. e4 Qd4+ 28. Kh1 dxe4 29. Bxe4 Rad8 30. Bh7+ Kh8 31. Rd1 Qe5 32. Rxd8 Rxd8 33. Rxf7 Qe1+ 34. Kh2 Qe5+ 35. g3 Qe3 36. Rf2 a5 37. Bg6 a4 38. Re2 Qd4 39. Re4 Qf6 40. Rxa4 Qg5 41. Rf4 h5 42. h4 Qh6 43. Kh3 Ra8 44. Qf5 Rd8 45. Qf8+ 1-0


[Site "https://www.chess.com"]

[Event "Titled Tuesday Blitz February 14 Early 2023"]
[White "Harsh Suresh"]
[Black "Hakobyan, Aram"]
[WhiteFideId "45018464"]
[BlackFideId "13306677"]
[WhiteElo "2298"]
[BlackElo "2608"]
[Result "0-1"]
[Round "06"]
[TimeControl "180+2"]
[Date "2023.02.15"]
[WhiteClock "0:00:01"]
[BlackClock "0:01:37"]

1. e4 e5 2. Nf3 Nc6 3. Bb5 a6 4. Ba4 Nf6 5. O-O Be7 6. Re1 b5 7. Bb3 O-O 8. c3 d6 9. h3 Nd7 10. d4 Bf6 11. Be3 Na5 12. Bc2 Nc4 13. Bc1 exd4 14. cxd4 c5 15. b3 cxd4 16. Nxd4 Qb6 17. Be3 Nxe3 18. fxe3 Bb7 19. Nc3 Rac8 20. Nd5 Bxd5 21. exd5 Rc3 22. Bf5 Rxe3 23. Rxe3 Bxd4 24. Kh1 Bxa1 25. Re7 Be5 26. Rxd7 Qf2 27. Qb1 g6 28. Bg4 Qf4 29. Kg1 Rc8 30. Qd3 Rc1+ 31. Bd1 Bd4+ 32. Kh1 Qf2 33. Kh2 Be5+ 0-1


[Site "https://www.chess.com"]

[Event "Titled Tuesday Blitz February 14 Early 2023"]
[White "Beerdsen, Thomas"]
[Black "Lazavik, Denis"]
[WhiteFideId "1030108"]
[BlackFideId "13515110"]
[WhiteElo "2507"]
[BlackElo "2544"]
[Result "0-1"]
[Round "06"]
[TimeControl "180+2"]
[Date "2023.02.15"]
[WhiteClock "0:01:52"]
[BlackClock "0:00:54"]

1. e4 c5 2. Nf3 e6 3. d4 cxd4 4. Bg5 Qa5+ 5. c3 dxc3 6. Nxc3 Nc6 7. Bd3 Be7 8. Bd2 Qd8 9. O-O d6 10. Rc1 Nf6 11. h3 O-O 12. Re1 Nd7 13. Bb1 Nde5 14. Bf4 Bd7 15. Qe2 Qa5 16. Red1 Rfd8 17. a3 Rac8 18. Bg3 Nxf3+ 19. Qxf3 Ne5 20. Qe2 Be8 21. f4 Nc4 22. f5 Qb6+ 23. Kh2 Qxb2 24. Qg4 Ne3 25. Qf3 Nxd1 0-1


[Site "https://www.chess.com"]